 Dungeon Crawl Stone Soup version 0.22-a0-253-gf9d0ce56dd (webtiles) character file.

653 Peterchen the Cleaver (level 7, 0/57 HPs)
             Began as a Minotaur Berserker on Mar 3, 2018.
             Was a Believer of Trog.
             Slain by a gnoll
             ... wielding a +0 spear
              (1 damage)
             ... on level 5 of the Dungeon.
             The game lasted 00:07:08 (4131 turns).

Peterchen the Cleaver (Minotaur Berserker)          Turns: 4131, Time: 00:07:09

Health: 0/57       AC:  7    Str: 27    XL:     7   Next: 29%
Magic:  6/6        EV: 11    Int:  4    God:    Trog [**....]
Gold:   305        SH:  0    Dex:  9    Spells: 6/6 levels left

rFire    . . .     SeeInvis .   a - +0 hand axe
rCold    . . .     Gourm    .   (no shield)
rNeg     . . .     Faith    .   u - +0 ring mail
rPois    .         Spirit   .   (helmet restricted)
rElec    .         Reflect  .   (no cloak)
rCorr    .         Harm     .   (no gloves)
MR       ++...                  (no boots)
Stlth    ..........             w - amulet of regeneration
HPRegen  1.59/turn              t - +3 ring of strength
MPRegen  0.10/turn              r - +2 ring of protection

@: lethally poisoned (0 -> 0), berserk cooldown, regenerating, slowed, very slow
A: retaliatory headbutt, horns 2
a: Berserk, Trog's Hand, Renounce Religion


You were on level 5 of the Dungeon.
You worshipped Trog.
Trog was pleased with you.
You were hungry.

You visited 1 branch of the dungeon, and saw 5 of its levels.

You collected 305 gold pieces.

Inventory:

Hand Weapons
 a - a +0 hand axe (weapon)
Armour
 u - a +0 ring mail (worn)
Jewellery
 r - a +2 ring of protection (right hand)
 t - a +3 ring of strength (left hand)
 w - an amulet of regeneration (around neck)
Wands
 g - a wand of polymorph (8)
Scrolls
 e - a scroll of enchant armour {unknown}
 f - 2 scrolls of immolation {unknown}
 h - 11 scrolls of identify {unknown}
 j - 6 scrolls of remove curse {unknown}
 k - 3 scrolls of enchant weapon {unknown}
 o - a scroll of teleportation {unknown}
 p - 3 scrolls of magic mapping {unknown}
 s - 2 scrolls of blinking {unknown}
 v - a scroll of fear {unknown}
Potions
 d - a potion of curing {unknown}
 i - a potion of cancellation {unknown}
 l - 2 potions of brilliance {unknown}
 m - 3 potions of invisibility {unknown}
 n - a potion of heal wounds {unknown}
 q - a potion of agility {unknown}
Comestibles
 b - 12 chunks of flesh
 c - 11 rations


   Skills:
 - Level 3.6 Fighting
 * Level 10.2 Axes
 - Level 2.4 Armour
 - Level 2.1 Dodging


You had 6 spell levels left.
You didn't know any spells.

Dungeon Overview and Level Annotations

Branches:
Dungeon (5/15)
 Temple: D:4-7

Altars:
Ashenzari
Cheibriados
Ru
Trog


Innate Abilities, Weirdness & Mutations

You reflexively headbutt those who attack you in melee.
You have a pair of horns on your head.


Message History

* * * LOW HITPOINT WARNING * * *
x2 The gnoll barely misses you.
You're still recovering from your berserk rage.
Your skin crawls.
You feel resistant to hostile enchantments.
You feel somewhat more hungry.
The gnoll hits you from afar with a spear of piercing.
* * * LOW HITPOINT WARNING * * *
x2 The gnoll hits you but does no damage. x2; The gnoll misses you.
You feel sick.
The gnoll hits you with a spear of piercing!
* * * LOW HITPOINT WARNING * * *
x2 The gnoll hits you but does no damage.
Things that are here:
a whip; a gnoll corpse Your ring mail prevents you from hitting the gnoll. x2
The gnoll hits you with a spear of piercing.
* * * LOW HITPOINT WARNING * * *
x2 The gnoll hits you with a spear.
You die...

#...#
......#
#..
......#.##
.......#
#..
#######..#
....#.###
### ##.#
#.## #..#
##.## #).#
##@# #gg#
.....
#.#..## #.
... #.
...# #.
.... #.
##...


You could see 2 gnolls.

Vanquished Creatures
  A phantom (D:4)
  An ogre (D:4)
  A gnoll sergeant (D:5)
  A howler monkey (D:5)
  A hound (D:4)
  A centaur skeleton (D:4)
  3 orc wizards (D:5)
  2 iguanas (D:4)
  A worker ant (D:5)
  2 gnolls (D:5)
  7 adders
  2 oozes (D:1)
  2 adder skeletons (D:4)
  An adder zombie (D:5)
  A worm (D:3)
  A dart slug (D:2)
  4 leopard geckos
  5 orcs
  A ball python (D:4)
  3 bats
  3 giant cockroaches
  5 goblins
  6 hobgoblins
  4 frilled lizards
  7 kobolds
  A quokka skeleton (D:4)
  9 rats
76 creatures vanquished.

Notes
Turn   | Place    | Note
-------+----------+-------------------------------------------
     0 | D:1      | Peterchen the Minotaur Berserker began the quest for the Orb.
     0 | D:1      | Reached XP level 1. HP: 19/19 MP: 0/0
   398 | D:1      | Reached skill level 4 in Axes
   462 | D:1      | Reached XP level 2. HP: 16/26 MP: 1/1
   781 | D:1      | Reached skill level 5 in Axes
  1016 | D:2      | Reached XP level 3. HP: 22/31 MP: 2/2
  1096 | D:2      | Found a snail-covered altar of Cheibriados.
  1219 | D:2      | Found a shattered altar of Ashenzari.
  1363 | D:2      | Found a sacrificial altar of Ru.
  1825 | D:3      | Reached ** piety under Trog
  1856 | D:3      | HP: 1/31 [poisoned by an adder]
  2196 | D:3      | Reached skill level 6 in Axes
  2196 | D:3      | Reached XP level 4. HP: 34/39 MP: 3/3
  2988 | D:4      | Noticed a phantom
  3006 | D:4      | Killed a phantom
  3006 | D:4      | Reached skill level 7 in Axes
  3006 | D:4      | Reached XP level 5. HP: 27/45 MP: 4/4
  3049 | D:4      | Noticed an ogre
  3053 | D:4      | Killed an ogre
  3053 | D:4      | Reached skill level 8 in Axes
  3054 | D:4      | Reached XP level 6. HP: 51/51 MP: 5/5
  3442 | D:4      | Found a bloodstained altar of Trog.
  3518 | D:4      | Reached skill level 9 in Axes
  3949 | D:5      | Entered Level 5 of the Dungeon
  4069 | D:5      | Reached XP level 7. HP: 57/57 MP: 6/6
  4126 | D:5      | Reached skill level 10 in Axes
  4131 | D:5      | HP: 2/57 [gnoll/spear of piercing (3)]
  4131 | D:5      | Slain by a gnoll

Vault maps used:
D:1:      lightli_arrival_quake
D:2:      lemuel_coloured_pillars_altar, kennysheep_slug_shrine,
          nicolae_ru_awakened_eye
D:4:      minmay_door_path, nicolae_overflow_crystal_walls, first_ration,
          hangedman_abyss_or_decor_passed
D:5:      lemuel_doored_altar, minmay_holes

Skill      XL: |  1  2  3  4  5  6  7 |
---------------+----------------------+-----
Axes           | 4 5 6 7 8 9 10 | 10.2
Fighting       | |  3.6
Armour         | |  2.4
Dodging        | |  2.1

Action                   |  1- 3 |  4- 6 |  7- 9 || total
-------------------------+-------+-------+-------++-------
Melee: Hand axe          |    74 |    90 |    18 ||   182
       Headbutt          |    11 |    25 |     7 ||    43
Invok: Trog's Hand       |     1 |     1 |     1 ||     3
       Berserk           |     1 |     1 |     1 ||     3
 Stab: Sleeping          |     1 |       |       ||     1
  Eat: Chunk             |     5 |     7 |     1 ||    13
Armor: Animal skin       |    14 |     8 |       ||    22
       Ring mail         |       |     3 |    12 ||    15
Dodge: Dodged            |    39 |    45 |    16 ||   100

Table legend:
 A = Spawn XP
 B = Non-spawn XP
 C = Spawn XP percentage of total XP
 D = Spawn monster count
 E = Non-spawn monster count
 F = Spawn count percentage of total count
 G = Total turns spent on level
                    A         B        C        D         E        F      G
               +---------+---------+-------+---------+---------+-------+---------
         Total |       0 |     934 |   0.0 |       0 |      76 |   0.0 |  4131
               +---------+---------+-------+---------+---------+-------+---------
           D:1 |       0 |      40 |   0.0 |       0 |      17 |   0.0 |  1001
           D:2 |       0 |      29 |   0.0 |       0 |      11 |   0.0 |   678
           D:3 |       0 |      60 |   0.0 |       0 |      19 |   0.0 |  1275
           D:4 |       0 |     443 |   0.0 |       0 |      14 |   0.0 |   995
           D:5 |       0 |     362 |   0.0 |       0 |      15 |   0.0 |   182
               +---------+---------+-------+---------+---------+-------+---------
